 Dungeon Crawl Stone Soup version 0.31-a0-868-g674d60d6f7 (webtiles) character file.

Game seed: 3210868001303040614

114 tatocazan the Shooter (level 5, -3/36 (41) HPs)
             Began as a Formicid Hunter on Oct 11, 2023.
             Slain by Pargi (7 damage)
             ... in a sewer.
             The game lasted 00:03:39 (2597 turns).

tatocazan the Shooter (Formicid Hunter)             Turns: 2597, Time: 00:03:40

HP:   -3/36 (41)    AC:  4    Str: 18    XL:     5   Next: 19%
MP:   5/5           EV: 12    Int:  8    God:
Gold: 134           SH:  0    Dex: 17    Spells: 4/4 levels left

rFire   . . .        a - +0 shortbow
rCold   . . .        (no shield)
rNeg    . . .        c - +0 leather armour
rPois   .            (helmet unavailable)
rElec   .            (no cloak)
rCorr   .            (no gloves)
SInv    +            k - +0 pair of boots
Will    .....        (no amulet)
Stlth   ++           (no ring)
HPRegen 0.26/turn    (no ring)
MPRegen 0.09/turn

%: no passive effects
@: attractive, heavily drained
A: permanent stasis, dig shafts and tunnels, antennae 3, four strong arms
a: Dig


You were in a sewer.
You visited 1 branch of the dungeon, and saw 4 of its levels.
You also visited: Sewer.

You collected 134 gold pieces.

Inventory:

Hand Weapons
 a - a +0 shortbow (weapon)
Missiles
 i - 3 atropa-tipped darts
Armour
 c - a +0 leather armour (worn)
 k - a +0 pair of boots (worn)
Jewellery
 p - a ring of protection from cold
Talismans
 q - a blade talisman
Scrolls
 b - a scroll of butterflies
 d - a scroll of enchant weapon {unknown}
 g - a scroll of brand weapon {unknown}
 j - 2 scrolls of identify
 m - a scroll of blinking {unknown}
 o - a scroll of noise {unknown}
 r - a scroll of torment {unknown}
Potions
 e - a potion of attraction
 f - a potion of enlightenment {unknown}
 h - 2 potions of curing
 n - 2 potions of lignification {unknown}


   Skills:
 + Level 3.2 Fighting
 + Level 4.6 Ranged Weapons
 + Level 2.6 Dodging
 + Level 3.2 Stealth


You had 4 spell levels left.
You didn't know any spells.
Your spell library was empty.

Dungeon Overview and Level Annotations

Branches:
Dungeon (4/15)             Temple (0/1) D:4           Sewer (1/1)

Altars:
Sif Muna

Shops:
D:1 [

Annotations:
D:4 Pikel Sewer Pargi


Innate Abilities, Weirdness & Mutations

You cannot be hasted, slowed, berserked, paralysed or teleported.
You can dig through walls and to a lower floor.
You have a pair of large antennae on your head. (SInv)
Your four strong arms can wield two-handed weapons with a shield.


Message History

You take 2 damage, and have 30/36 hp.
You shoot an arrow. The arrow closely misses Pargi.
Pargi barely misses you. Pargi claws you but does no damage.
Pargi closely misses you.
You shoot an arrow. The arrow closely misses Pargi.
Pargi barely misses you. Pargi claws you but does no damage. Pargi misses you.
Pargi bites you. Pargi claws you. Pargi misses you.
You take 5 damage, and have 25/36 hp.
You shoot an arrow. The arrow hits Pargi.
Pargi is moderately wounded.
Pargi snarls, "Go!
Away!"
Pargi bites you. Pargi claws you but does no damage. Pargi claws you.
You take 7 damage, and have 18/36 hp.
You shoot an arrow. The arrow hits Pargi!
Pargi is severely wounded.
Pargi bites you! Pargi barely misses you. x2
You take 7 damage, and have 11/36 hp.
You shoot an arrow. The arrow hits Pargi.
Pargi is severely wounded.
Pargi barely misses you. Pargi claws you but does no damage. x2
You shoot an arrow. The arrow hits Pargi.
Pargi is almost dead.
Pargi barely misses you. Pargi misses you. Pargi claws you but does no damage.
You shoot an arrow.
The arrow hits Pargi but does no damage.
Pargi is almost dead.
Pargi bites you.
* * * LOW HITPOINT WARNING * * *
Pargi claws you but does no damage. Pargi barely misses you. Pargi bites you.
* * * LOW HITPOINT WARNING * * *
Pargi claws you but does no damage. Pargi claws you.
* * * LOW HITPOINT WARNING * * *
You take 9 damage, and have 3/36 hp.
MASSIVE DAMAGE!!
You shoot an arrow. The arrow barely misses Pargi.
Pargi clenches his teeth.
Pargi barely misses you. Pargi claws you but does no damage.
Pargi closely misses you.
You shoot an arrow. The arrow hits Pargi.
Pargi is severely wounded.
Pargi bites you!
You die...

###≈≈≈≈≈≈≈≈≈~~≈≈≈≈≈≈≈≈≈≈
#≈#≈≈≈≈≈≈≈≈~##.~≈≈≈≈~≈≈≈
#≈≈≈≈≈≈≈≈≈..####~≈≈~#~≈
##≈≈≈≈≈≈≈≈~### ##∩∩##
#≈≈≈≈≈≈≈≈≈..# ####
≈≈≈≈≈≈≈≈≈~~##
≈≈≈≈≈≈≈≈~### #≈≈≈≈≈≈≈.#
##≈≈≈≈≈~@# #≈≈≈≈≈≈T##
≈≈≈≈≈≈≈~# ≈≈≈≈≈≈≈~#
#≈≈≈≈≈≈≈~ #≈≈≈≈≈≈≈T
#≈≈≈≈≈≈≈≈. ##≈≈≈≈≈≈≈~
≈≈≈≈≈≈≈≈≈.


You could see Pargi.

Vanquished Creatures
  4 gnolls
  An adder (D:2)
  A river rat (D:4)
  2 worms
  2 dart slugs
  6 ball pythons
  3 endoplasms
  3 giant cockroaches
  6 goblins
  7 hobgoblins
  3 kobolds
  3 quokkas
  3 bats
  2 frilled lizards
  A rat (D:4)
47 creatures vanquished.

Notes
Turn   | Place    | Note
-------+----------+-------------------------------------------
     0 | D:1      | tatocazan the Formicid Hunter began the quest for the Orb.
     0 | D:1      | Reached XP level 1. HP: 16/16 MP: 1/1
    15 | D:1      | Found Eveirres's Antique Armour Emporium.
    77 | D:1      | Found a faded altar of an unknown god.
   142 | D:1      | Reached XP level 2. HP: 3/23 MP: 2/2
   515 | D:1      | Reached XP level 3. HP: 28/28 MP: 3/3
   828 | D:2      | Found a shimmering blue altar of Sif Muna.
  1138 | D:2      | Reached XP level 4. HP: 34/34 MP: 4/4
  2178 | D:3      | Reached XP level 5. HP: 41/41 MP: 5/5
  2540 | D:4      | Noticed Pikel
  2540 | D:4      | Noticed a lemure
  2540 | D:4      | Found a glowing drain.
  2562 | Sewer    | Entered a sewer
  2578 | Sewer    | Noticed Pargi
  2597 | Sewer    | Slain by Pargi

Illustrated notes

Levels and vault maps discovered:
D:1:      lightli_arrival_noodles, layout_rooms, serial_shops,
          nicolae_shop_crystal, chequers_ecumenical_altar_twisty
D:2:      layout_basic, basic_altar
D:3:      layout_basic, minmay_goblin_kobold_house
D:4:      layout_loops_ring, nicolae_qazlal_style_of_elements,
          mainiacjoe_overflow_tiny_flanked, mainiacjoe_overflow_paths,
          minmay_temple_entry_butterflies, gup_sewer_entry_spiral, uniq_robin,
          uniq_pikel
Sewer:    sewer_co_pargi_island

Skill      XL: |  1  2  3  4 |
---------------+-------------+-----
Dodging        | 2 |  2.6
Stealth        | 2 3 |  3.2
Fighting       | 3 |  3.2
Ranged Weapons | |  4.6

Action                     |  1- 3 |  4- 6 || total
---------------------------+-------+-------++-------
   Fire: Shortbow          |    71 |   116 ||   187
Ability: Dig               |       |     3 ||     3
    Use: Scroll            |       |     2 ||     2
         Potion            |       |     2 ||     2
 Armour: Leather armour    |    15 |    62 ||    77
  Dodge: Dodged            |    22 |    88 ||   110

Table legend: (Time is in decaauts)
 A = Elapsed time spent in this place.
 B = Non-inter-level travel time spent in this place.
 C = Inter-level travel time spent in this place.
 D = Time resting spent in this place.
 E = Time spent auto-exploring this place.
 F = Levels seen in this place.
 G = Mean time per level.
                   A        B        C        D        E       F      G
               +--------+--------+--------+--------+--------+-----+--------+
         Total |   2643 |   2600 |     43 |    581 |   1634 |   5 |  528.6 |
       Dungeon |   2599 |   2556 |     43 |    581 |   1618 |   4 |  649.8 |
         Sewer |     44 |     44 |      0 |      0 |     16 |   1 |   44.0 |
               +--------+--------+--------+--------+--------+-----+--------+

Top non-repeatable levels by time:
     D:2: 1090 daAuts
     D:1: 757 daAuts
     D:3: 723 daAuts
   Sewer: 44 daAuts
     D:4: 28 daAuts
